 Dungeon Crawl Stone Soup version 0.29-a0-266-gf56f883ddd (webtiles) character file.

Game seed: 7862746016242652486

2498 avis the Fighter (level 9, -1/81 HPs)
             Began as a Hill Orc Monk on Mar 7, 2022.
             Was a Believer of Beogh.
             Slain by a wyvern (14 damage)
             ... on level 8 of the Dungeon.
             The game lasted 00:51:12 (8735 turns).

avis the Fighter (Hill Orc Monk)                    Turns: 8735, Time: 00:51:13

Health: -1/81      AC:  9    Str: 14    XL:     9   Next: 52%
Magic:  10/15      EV: 11    Int: 14    God:    Beogh [**....]
Gold:   96         SH:  0    Dex: 13    Spells: 9/16 levels left

rFire   . . .      SeeInvis .   a - +3 short sword (venom)
rCold   . . .      Faith    .   (no shield)
rNeg    . . .      Spirit   .   u - +0 acid dragon scales
rPois   .          Reflect  .   (no helmet)
rElec   .          Harm     .   (no cloak)
rCorr   +          Rampage  .   c - +0 pair of gloves
Will    .....                   l - +1 pair of boots
Stlth   +.........              A - amulet of regeneration
HPRegen 1.03/turn               h - ring of resist corrosion
MPRegen 0.14/turn               (no ring)

@: no status effects
A: no striking features
a: Renounce Religion, Smiting


You were on level 8 of the Dungeon.
You worshipped Beogh.
Beogh was pleased with you.
You visited 2 branches of the dungeon, and saw 9 of its levels.

You collected 448 gold pieces.
You spent 352 gold pieces at shops.

Inventory:

Hand Weapons
 a - a +3 short sword of venom (weapon)
 b - a +0 hunting sling
 f - a +2 dire flail of protection
 j - a +0 trident
 n - a +0 battleaxe
 s - a +1 halberd of pain
 D - a +2 battleaxe
Missiles
 r - 2 curare-tipped darts (quivered)
 B - 2 boomerangs
 C - 5 poisoned darts
Armour
 c - a +0 pair of gloves (worn)
 l - a +1 pair of boots (worn)
 m - a +0 leather armour
 o - a +0 chain mail
 t - a +0 buckler
 u - +0 acid dragon scales (worn)
 z - a +0 plate armour
Jewellery
 h - a ring of resist corrosion (left hand)
 A - an amulet of regeneration (around neck)
Wands
 e - a wand of charming (7)
 x - a wand of polymorph (4)
 y - a wand of iceblast (11)
Scrolls
 g - 3 scrolls of magic mapping
 i - 2 scrolls of vulnerability {unknown}
 p - a scroll of fear
 v - a scroll of teleportation
Potions
 d - 2 potions of ambrosia
 k - 3 potions of curing
 q - 2 potions of berserk rage {unknown}
 w - 2 potions of lignification {unknown}


   Skills:
 - Level 8.0 Fighting
 - Level 2.4 Dodging
 - Level 1.5 Stealth
 - Level 7.0 Unarmed Combat
 - Level 4.0 Spellcasting
 * Level 5.4 Transmutations
 - Level 3.0 Fire Magic


You had 9 spell levels left.
You knew the following spells:

 Your Spells              Type           Power      Damage    Failure   Level
a - Scorch                Fire           22%        2d6       12%         2
B - Blade Hands           Tmut           8%         N/A       63%         5

Your spell library contained the following spells:

 Spells                   Type           Power      Damage    Failure   Level
 Animate Skeleton         Necr           4%         N/A       28%         1
 Pain                     Necr           8%         1d4       28%         1
 Portal Projectile        Hex/Tloc       4%         N/A       63%         3
 Vampiric Draining        Necr           2%         2d6       63%         3
 Flame Wave               Conj/Fire      7%         2d5       83%         4
 Animate Dead             Necr           1%         N/A       95%         4
 Excruciating Wounds      Necr           1%         N/A       100%        5
 Summon Cactus Giant      Summ           1%         N/A       100%        6
 Haunt                    Necr/Summ      1%         N/A       100%        7
 Infestation              Necr           1%         N/A       100%        8


Dungeon Overview and Level Annotations

Branches:
Dungeon (8/15)             Temple (1/1) D:6
   Lair: D:8-11

Altars:
Ru

Shops:
D:2 :   D:6 :

Annotations:
D:4 3 runed translucent doors, NobodyCares's ghost, amateur MiFi; ReploidZero's ghost, novice TrGl; sammy202020's ghost, amateur GrFi; sdfasdf239h's ghost, amateur BaSu
D:6 1 runed translucent door, exclusion: door, Crazy Yiuf


Message History

The necrophage is moderately damaged.
The necrophage's fire resistance burns away.
The wyvern looks more healthy.
The wyvern closely misses you. The wyvern barely misses you.
Casting: Scorch (safe; 12% risk of failure)
Confirm with . or Enter, or press ? or * to list all spells.
Flames lash the wyvern.
The wyvern is heavily wounded.
The wyvern's fire resistance burns away.
The necrophage hits you but does no damage.
The wyvern closely misses you.
The necrophage attacks as you move away!
The necrophage hits you but does no damage.
The wyvern bites you!
The necrophage attacks as you move away!
The necrophage hits you. The wyvern attacks as you move away!
The wyvern barely misses you.
The necrophage is no longer more vulnerable to fire.
The wyvern hisses menacingly.
The wyvern bites you!
* * * LOW HITPOINT WARNING * * *
The necrophage attacks as you move away!
The necrophage hits you but does no damage.
The wyvern is no longer more vulnerable to fire.
The wyvern attacks as you move away! The wyvern barely misses you.
The wyvern bites you but does no damage.
Casting: Scorch (safe; 12% risk of failure)
Confirm with . or Enter, or press ? or * to list all spells.
Flames lash the necrophage.
The necrophage is moderately damaged.
The necrophage's fire resistance burns away.
The wyvern barely misses you. The wyvern bites you!
* * * LOW HITPOINT WARNING * * *
You feel better. The wyvern bites you!
* * * LOW HITPOINT WARNING * * *
The wyvern barely misses you. The wyvern attacks as you move away!
The wyvern closely misses you.
The necrophage is no longer more vulnerable to fire.
The wyvern bites you!
You die...

....................## #......#
..#................## #......#
.###..............########...###
..................##........##
.....##......####..........##
.....###......#.#..........#
....## #.....n..#..........#
.#...###.......l...........##
####.#..........@...........##
##.##..##......))..#..#....#
#......###...##.)######....# .
##..#######..####.# #....#
..##..# #.....#...# #...##
......# #.........# #####
......#####..#....###
.......##....#...##
...............###


You could see a wyvern and a necrophage.

Vanquished Creatures
  Maggie (D:8)
  Grinder (D:5)
  Prince Ribbit (D:6)
  A wyvern (D:7)
  A water moccasin (D:7)
  3 orc warriors
  An ogre (D:5)
  An ice beast (D:5)
  A sky beast (D:5)
  A phantom (D:5)
  A gnoll sergeant (D:7)
  A bullfrog (D:7)
  2 scorpions (D:5)
  A wight (D:8)
  2 howler monkeys
  2 hounds
  A gnoll shaman (D:5)
  An orc priest (D:6)
  4 iguanas
  5 orc wizards
  10 adders
  9 gnolls
  2 white imps (D:6)
  3 worms
  4 dart slugs
  21 orcs
  9 endoplasms
  2 giant cockroaches
  5 goblins
  3 hobgoblins
  7 jackals
  5 quokkas
  2 ball pythons
  3 bats
  4 frilled lizards
  4 kobolds
  4 rats
129 creatures vanquished.

Vanquished Creatures (others)
  An adder (D:6)
  2 fungi (D:6)
  A plant (D:2)
  2 withered plants (D:4)
6 creatures vanquished.

Grand Total: 135 creatures vanquished

Notes
Turn   | Place    | Note
-------+----------+-------------------------------------------
     0 | D:1      | avis the Hill Orc Monk began the quest for the Orb.
     0 | D:1      | Reached XP level 1. HP: 19/19 MP: 1/1
   131 | D:1      | Reached skill level 4 in Fighting
   229 | D:1      | Reached XP level 2. HP: 27/27 MP: 2/2
   763 | D:2      | Found Venowiaq's Book Boutique.
  1187 | D:2      | Reached XP level 3. HP: 33/33 MP: 3/3
  1483 | D:2      | Reached skill level 5 in Fighting
  1776 | D:2      | Found a faded altar of an unknown god.
  1932 | D:3      | Reached XP level 4. HP: 42/42 MP: 4/4
  2160 | D:3      | Learned a level 2 spell: Scorch
  2636 | D:3      | Reached skill level 5 in Unarmed Combat
  2636 | D:3      | Reached skill level 1 in Fire Magic
  2645 | D:3      | Reached XP level 5. HP: 48/48 MP: 5/5
  3204 | D:4      | Found a runed translucent gate.
  3205 | D:4      | Found a runed translucent gate.
  3206 | D:4      | Found a runed translucent gate.
  3206 | D:4      | Noticed NobodyCares's ghost (amateur MiFi)
  3208 | D:4      | Noticed ReploidZero's ghost (novice TrGl)
  3403 | D:4      | Noticed an ogre
  4069 | D:4      | Noticed sammy202020's ghost (amateur GrFi)
  4069 | D:4      | Noticed sdfasdf239h's ghost (amateur BaSu)
  4177 | D:5      | Entered Level 5 of the Dungeon
  4240 | D:5      | Reached skill level 6 in Fighting
  4240 | D:5      | Reached XP level 6. HP: 57/57 MP: 1/6
  4292 | D:5      | Noticed a sky beast
  4301 | D:5      | Killed a sky beast
  4545 | D:5      | Reached skill level 7 in Fighting
  4545 | D:5      | Reached skill level 1 in Spellcasting
  4545 | D:5      | Reached XP level 7. HP: 51/66 MP: 3/8
  5120 | D:5      | Noticed Grinder
  5130 | D:5      | Killed Grinder
  5131 | D:5      | Reached skill level 8 in Fighting
  5131 | D:5      | Reached XP level 8. HP: 52/74 MP: 2/11
  5492 | D:2      | Bought a book of Weapons for 352 gold pieces
  5498 | D:2      | Learned a level 5 spell: Blade Hands
  5732 | D:6      | Became a worshipper of Beogh the Brigand
  5732 | D:6      | Reached * piety under Beogh
  5732 | D:6      | Reached ** piety under Beogh
  5863 | D:5      | Reached skill level 1 in Transmutations
  6103 | D:6      | Found Dimmeg's Book Shoppe.
  6127 | D:6      | Noticed Prince Ribbit
  6137 | D:6      | Killed Prince Ribbit
  6200 | D:6      | Found a staircase to the Ecumenical Temple.
  6207 | Temple   | Entered the Ecumenical Temple
  6761 | D:6      | Found a runed translucent door.
  6761 | D:6      | Noticed Crazy Yiuf
  7342 | D:7      | Noticed a wyvern
  7349 | D:7      | Killed a wyvern
  7350 | D:7      | Reached XP level 9. HP: 60/81 MP: 6/13
  8154 | D:6      | Reached skill level 5 in Transmutations
  8298 | D:8      | Noticed Maggie
  8312 | D:8      | Killed Maggie
  8659 | D:8      | Found a sacrificial altar of Ru.
  8735 | D:8      | Slain by a wyvern

Illustrated notes

Levels and vault maps discovered:
D:1:      minmay_arrival_nine_rooms, layout_loops_ring
D:2:      layout_rooms, shapermc_ecumenical_altar_petra, serial_shops,
          nicolae_shop_hallway_stairs, kennysheep_potato
D:3:      layout_basic, hex_intersection
D:4:      layout_rooms, gammafunk_ghost_cemetery
D:5:      layout_cave_pods, corexii_checkpoint_b, uniq_grinder
D:6:      layout_loops_ring, minmay_temple_entry_hall, serial_shops, shop,
          uniq_crazy_yiuf_cottage, uniq_prince_ribbit1
D:7:      layout_rooms, columned_hall_lemuel, chequers_serial_rivers_micro_c
D:8:      layout_cave_pools, marbit_many_paths, nicolae_fountain_basement,
          uniq_pikel, uniq_maggie, uniq_amaemon
Temple:   mainiacjoe_temple_circle_huts

Skill      XL: |  1  2  3  4  5  6  7  8  9 |
---------------+----------------------------+-----
Fighting       | 4 5 6 7 8 |  8.0
Unarmed Combat | 4 5 6 7 |  7.0
Fire Magic     | 1 2 3 |  3.0
Spellcasting   | 1 2 3 4 |  4.0
Transmutations | 4 5 |  5.4
Dodging        | |  2.4
Stealth        | |  1.5

Action                   |  1- 3 |  4- 6 |  7- 9 || total
-------------------------+-------+-------+-------++-------
Melee: Unarmed           |    67 |    55 |       ||   122
       Punch             |     3 |     1 |     5 ||     9
       Short sword       |       |    37 |   148 ||   185
 Fire: Hunting sling     |    72 |    60 |     9 ||   141
Throw: Dart              |       |       |     4 ||     4
       Javelin           |       |       |     1 ||     1
 Cast: Scorch            |       |    19 |    88 ||   107
Invok: Convert to Beogh  |       |       |     1 ||     1
  Use: Scroll            |       |       |    12 ||    12
       Potion            |       |       |     5 ||     5
 Stab: Sleeping          |       |       |     1 ||     1
Armor: Robe              |     5 |       |       ||     5
       Leather armour    |    24 |    33 |    38 ||    95
       Acid dragon scale |       |       |     8 ||     8
Dodge: Dodged            |    49 |    53 |   132 ||   234

Table legend: (Time is in decaauts)
 A = Elapsed time spent in this place.
 B = Non-inter-level travel time spent in this place.
 C = Inter-level travel time spent in this place.
 D = Time resting spent in this place.
 E = Time spent auto-exploring this place.
 F = Levels seen in this place.
 G = Mean time per level.
                   A        B        C        D        E       F      G
               +--------+--------+--------+--------+--------+-----+--------+
         Total |   8771 |   7866 |    905 |   2516 |   3365 |   9 |  974.6 |
       Dungeon |   8720 |   7815 |    905 |   2516 |   3365 |   8 | 1090.0 |
        Temple |     50 |     50 |      0 |      0 |      0 |   1 |   50.0 |
               +--------+--------+--------+--------+--------+-----+--------+

Top non-repeatable levels by time:
     D:5: 1567 daAuts
     D:6: 1480 daAuts
     D:3: 1404 daAuts
     D:4: 1032 daAuts
     D:7: 992 daAuts
     D:2: 961 daAuts
     D:1: 952 daAuts
     D:8: 329 daAuts
  Temple: 50 daAuts
